 Dungeon Crawl Stone Soup version 0.21.0 (webtiles) character file.

9795 HungrySpirit the Slicer (level 11, 0/60 HPs)
             Began as a Deep Elf Artificer on Jan 7, 2018.
             Was a Follower of Vehumet.
             Killed from afar by an oklob plant (10 damage)
             ... with a splash of acid
             ... on level 1 of the Lair of Beasts.
             The game lasted 00:38:18 (15052 turns).

HungrySpirit the Slicer (Deep Elf Artificer)       Turns: 15052, Time: 00:38:19

Health: 0/60       AC:  6    Str:  9    XL:     11   Next: 27%
Magic:  27/27      EV: 18    Int: 20    God:    Vehumet [*.....]
Gold:   613        SH:  0    Dex: 15    Spells: 24/30 levels left

rFire    . . .     SeeInvis .   d - +3 scimitar (flame)
rCold    + . .     Gourm    .   (no shield)
rNeg     . . .     Faith    .   y - +1 leather armour {rC+}
rPois    .         Spirit   .   (helmet restricted)
rElec    .         Reflect  .   (no cloak)
rCorr    .         Harm     .   (no gloves)
MR       ++...                  O - +1 pair of boots {Stlth+}
Stlth    ++++......             x - amulet of magic regeneration
HPRegen  0.20/turn              B - ring of stealth
MPRegen  0.45/turn              J - ring of protection from magic

@: studying Translocations
A: antennae 1, hooves 1, wild magic 1
a: Renounce Religion


You were on level 1 of the Lair of Beasts.
You worshipped Vehumet.
Vehumet was aware of your devotion.
You were hungry.

You visited 3 branches of the dungeon, and saw 13 of its levels.
You also visited: Labyrinth.

You collected 993 gold pieces.
You spent 380 gold pieces at shops.

Inventory:

Hand Weapons
 b - a +3 dagger of venom
 d - a +3 scimitar of flaming (weapon)
 z - a +6 dagger
Armour
 y - a +1 leather armour of cold resistance (worn)
 D - a +1 robe of magic resistance
 E - the +3 helmet "Cuyg Gegh" {Stlth+}
   (You bought it in a shop on level 6 of the Dungeon)

   It makes you more stealthy.
 O - a +1 pair of boots of stealth (worn)
Magical Staves
 M - an uncursed staff of power
 N - an uncursed staff of cold
Jewellery
 x - an amulet of magic regeneration (around neck)
 B - a ring of stealth (left hand)
 F - an uncursed ring of resist corrosion {unknown}
 H - an uncursed ring of protection from fire {unknown}
 J - a ring of protection from magic (right hand)
Wands
 m - a wand of random effects (23)
 r - a wand of enslavement (13)
 G - a wand of digging (2)
Scrolls
 c - a scroll of identify
 e - 4 scrolls of remove curse
 h - a scroll of immolation
 i - a scroll of vulnerability
 j - a scroll of amnesia
 k - 2 scrolls of teleportation
 n - a scroll of brand weapon {unknown}
 s - 7 scrolls of magic mapping
 v - 3 scrolls of enchant weapon
 w - 4 scrolls of fog
 A - 4 scrolls of blinking
 C - 3 scrolls of enchant armour
Potions
 a - a potion of cancellation
 g - 4 potions of brilliance
 o - a potion of agility
 p - a potion of might
 q - a potion of lignification
 t - 2 potions of ambrosia
 u - a potion of resistance {unknown}
 Q - a potion of heal wounds
Books
 l - a book of Party Tricks

   Spells                             Type                      Level
   a - Summon Butterflies             Summoning                    1
   b - Apportation                    Translocation                1
   c - Lesser Beckoning               Translocation                3
   d - Tukima's Dance                 Hexes                        3
   e - Alistair's Intoxication        Transmutation/Poison         5
   f - Invisibility                   Hexes                        6
 I - a book of Debilitation

   Spells                             Type                      Level
   a - Corona                         Hexes                        1
   b - Slow                           Hexes                        2
   c - Inner Flame                    Hexes/Fire                   3
   d - Portal Projectile              Hexes/Translocation          3
   e - Cause Fear                     Hexes                        4
   f - Leda's Liquefaction            Hexes/Earth                  4
 K - a manual of Translocations
 L - a book of the Dragon

   Spells                             Type                      Level
   a - Flame Tongue                   Conjuration/Fire             1
   b - Cause Fear                     Hexes                        4
   c - Bolt of Fire                   Conjuration/Fire             6
   d - Dragon Form                    Transmutation                7
   e - Dragon's Call                  Summoning                    9
Comestibles
 f - 31 rations


   Skills:
 - Level 3.7 Fighting
 - Level 10.9 Short Blades
 + Level 1.3(6.5) Long Blades
 - Level 10.3 Dodging
 - Level 1.2 Stealth
 + Level 10.2 Spellcasting
 * Level 2.4 Conjurations
 * Level 6.1 Fire Magic
 - Level 3.2 Evocations


You had 24 spell levels left.
You knew the following spells:

 Your Spells              Type           Power        Failure   Level  Hunger
a - Inner Flame           Hex/Fire       ####....     13%         3    None
b - Sting                 Conj/Pois      ###.         10%         1    None
c - Flame Tongue          Conj/Fire      #####        3%          1    None
d - Apportation           Tloc           ##....       14%         1    None


Dungeon Overview and Level Annotations

Branches:
Dungeon (11/15)            Temple (1/1) D:6            Lair (1/6) D:9
    Orc: D:9-12

Altars:
Ashenzari
Cheibriados
Dithmenos
Elyvilon
Fedhas
Gozag
Hepliaklqana
Kikubaaqudgha
Makhleb
Nemelex Xobeh
Okawaru
Qazlal
Ru
Sif Muna
Trog
Uskayaw
Vehumet
Wu Jian
Xom
Yredelemnul
Zin
The Shining One

Shops:
D:5 %   D:6 :[((   D:10 *

Annotations:
D:6 exclusion: door
Lair:1 exclusion: 3 oklob plants


Innate Abilities, Weirdness & Mutations

You have a pair of small antennae on your head.
You have large cloven feet.
Your spells are a little harder to cast, but a little more powerful.


Message History

The porcupine bites you! The porcupine completely misses you.
You are struck by the porcupine's spines.
* * * LOW HITPOINT WARNING * * *
You barely miss the porcupine.
The porcupine is moderately wounded.
The porcupine bites you.
* * * LOW HITPOINT WARNING * * *
You are too injured to fight recklessly!
The porcupine bites you.
* * * LOW HITPOINT WARNING * * *
Okay, then.
As you read the scroll of teleportation, it crumbles to dust.
You feel strangely unstable. The porcupine misses you.
You riposte.
You slash the porcupine! You burn the porcupine.
You kill the porcupine!
Vehumet accepts your kill.
Your surroundings suddenly seem different.
The oklob plant spits acid at you. The splash of acid hits you!
You die...

### ##.#PPP♣P#♣PPP
#.## #.#P#P#.PP.P.
##.###.#PP#.PPPPPP
##.##.###########
##.#..# ##. ##...#
#.. **##..# ##..
#####.##..### ##(..
#(.@P....[..# ##....
#P..P...#...###.>...
#P..P..##...........
#####..##.....#.....
####......∩.....
#...##........
######.....#...
###..............
#...P.#..........


You could see 2 oklob plants.

Vanquished Creatures
  A minotaur (Lab)
  Erica (D:10)
  A two-headed ogre (D:8)
  A deep elf mage (D:8)
  A cyclops (D:11)
  A spiny frog (Lair:1)
  A troll (D:9)
  A hornet (D:8)
  Grinder (D:6)
  9 bullfrogs
  7 yaks
  A hungry ghost (D:8)
  2 vampire mosquitoes (D:8)
  Edmund (D:5)
  2 hell hounds
  3 water moccasins
  3 porcupines (Lair:1)
  2 ice beasts (D:7)
  An orc warrior (D:6)
  A sky beast (D:9)
  5 ogres
  2 phantoms
  A big kobold (D:9)
  A wyvern zombie (D:9)
  A water moccasin zombie (D:6)
  A scorpion (D:4)
  A killer bee (D:8)
  3 wights
  An electric eel (Lair:1)
  2 howler monkeys (D:4)
  4 bullfrog zombies
  3 crimson imps
  A quasit (D:8)
  3 centaur skeletons
  2 hounds
  2 orc priests (D:11)
  2 orc wizards
  Ijyb (D:5)
  Natasha (thrice) (D:2)
  5 iguanas
  5 worker ants
  3 hound zombies
  A hound skeleton (D:5)
  A howler monkey zombie (D:9)
  3 worker ant zombies
  Robin (D:2)
  12 adders
  5 shadow imps
  4 oozes
  An adder skeleton (D:6)
  2 worms
  6 leopard geckos
  19 orcs
  2 ball pythons
  5 giant cockroaches
  15 goblins
  2 hobgoblins
  12 jackals
  3 quokkas
  3 bats
  A frilled lizard (D:1)
  A jackal skeleton (D:6)
  11 kobolds
  A leopard gecko zombie (D:6)
  A quokka zombie (D:6)
  7 rats
  A spectral orc (D:2)
213 creatures vanquished.

Vanquished Creatures (collateral kills)
  Nergalle (D:10)
  A hippogriff (D:7)
  An ogre (D:9)
  A bullfrog (D:10)
  A crimson imp (D:9)
  An orc wizard (D:6)
  2 orcs (D:6)
8 creatures vanquished.

Vanquished Creatures (others)
  A hippogriff (D:10)
  A phantom (D:10)
  2 fungi (Lair:1)
  22 toadstools (Lair:1)
26 creatures vanquished.

Grand Total: 247 creatures vanquished

Notes
Turn   | Place    | Note
-------+----------+-------------------------------------------
     0 | D:1      | HungrySpirit the Deep Elf Artificer began the quest for the Orb.
     0 | D:1      | Reached XP level 1. HP: 11/11 MP: 5/5
    47 | D:1      | Reached skill level 1 in Fighting
   142 | D:1      | Reached XP level 2. HP: 16/16 MP: 6/6
  1198 | D:2      | Reached XP level 3. HP: 14/20 MP: 7/7
  1453 | D:2      | Found a basalt altar of Yredelemnul.
  1808 | D:2      | Noticed Natasha
  1813 | D:2      | Killed Natasha
  1813 | D:2      | Reached XP level 4. HP: 17/26 MP: 8/8
  1823 | D:2      | Noticed Robin
  1829 | D:2      | Killed Robin
  2034 | D:2      | Noticed Natasha
  2038 | D:2      | Killed Natasha
  2280 | D:2      | Noticed Natasha
  2288 | D:2      | Killed Natasha
  2288 | D:2      | Reached XP level 5. HP: 25/30 MP: 9/9
  2631 | D:3      | Found a white marble altar of Elyvilon.
  2776 | D:3      | Found a shattered altar of Ashenzari.
  3162 | D:4      | Reached XP level 6. HP: 21/35 MP: 10/10
  4034 | D:5      | Entered Level 5 of the Dungeon
  4127 | D:5      | Reached skill level 5 in Short Blades
  4596 | D:5      | Noticed Ijyb
  4653 | D:5      | Killed Ijyb
  4653 | D:5      | Reached skill level 5 in Dodging
  4653 | D:5      | Reached skill level 1 in Spellcasting
  4671 | D:5      | Found Tynta's Food Shop.
  4842 | D:5      | Noticed Edmund
  4861 | D:5      | Killed Edmund
  4861 | D:5      | Reached XP level 7. HP: 31/40 MP: 10/12
  5134 | D:6      | Found Piurhot's Armour Shop.
  5140 | D:6      | Bought the +3 helmet "Cuyg Gegh" {Stlth+} for 380 gold pieces
  5245 | D:6      | Found Zarghot's Book Emporium.
  5297 | D:6      | Found Wiwki's Weapon Emporium.
  5570 | D:6      | Found an iron altar of Okawaru.
  5620 | D:6      | Noticed Grinder
  5652 | D:6      | Paralysed by Grinder for 2 turns
  5666 | D:6      | Killed Grinder
  5666 | D:6      | Reached XP level 8. HP: 18/44 MP: 13/15
  5683 | D:6      | Found Sucup Leotze's Antique Weapon Shop.
  5885 | D:6      | Found an ancient bone altar of Kikubaaqudgha.
  5923 | D:6      | Found a staircase to the Ecumenical Temple.
  5967 | Temple   | Entered the Ecumenical Temple
  6337 | D:7      | Noticed a hippogriff
  6421 | D:7      | Found a shimmering altar of Xom.
  6422 | D:7      | Found a hazy altar of Hepliaklqana.
  6423 | D:7      | Noticed a spectral ugly thing
  6827 | D:7      | Reached skill level 5 in Spellcasting
  7576 | D:7      | Killed a hippogriff
  7633 | D:7      | Reached XP level 9. HP: 48/48 MP: 18/20
  7868 | D:8      | Noticed a two-headed ogre
  7898 | D:8      | Found a hide-covered altar of Uskayaw.
  7901 | D:8      | Noticed a dagger
  7902 | D:8      | Noticed a hand axe
  8113 | D:8      | Noticed a two-headed ogre
  8124 | D:8      | Killed a two-headed ogre
  8200 | D:8      | Noticed a deep elf mage
  8203 | D:8      | Killed a deep elf mage
  8293 | D:8      | Reached skill level 10 in Short Blades
  8720 | D:8      | Reached XP level 10. HP: 45/53 MP: 24/24
  9615 | D:9      | Found a stormy altar of Qazlal.
  9681 | D:9      | Found a staircase to the Lair.
 10344 | D:9      | Found a shadowy altar of Dithmenos.
 10345 | D:9      | Found a sacrificial altar of Ru.
 10345 | D:9      | Found a radiant altar of Vehumet.
 10412 | D:9      | Learned a level 3 spell: Inner Flame
 10413 | D:9      | Found a bloodstained altar of Trog.
 10421 | D:9      | Became a worshipper of Vehumet
 10775 | D:10     | Entered Level 10 of the Dungeon
 10887 | D:10     | Noticed Nergalle
 10904 | D:10     | Killed Nergalle
 10904 | D:10     | Reached skill level 1 in Fire Magic
 11133 | D:10     | Noticed Erica
 11580 | D:10     | Killed Erica
 11915 | D:10     | Found Vanletoepp's General Store.
 12202 | D:11     | Noticed a cyclops
 12315 | D:11     | Reached skill level 10 in Dodging
 12357 | D:10     | Noticed a two-headed ogre
 12856 | D:11     | Killed a cyclops
 12856 | D:11     | Reached * piety under Vehumet
 12856 | D:11     | Offered knowledge of Sting by Vehumet.
 12883 | D:11     | Learned a level 1 spell: Sting
 12968 | D:11     | Noticed a purple ugly thing
 12980 | D:11     | Noticed a red ugly thing
 13321 | Lair:1   | Entered Level 1 of the Lair of Beasts
 13353 | Lair:1   | Reached XP level 11. HP: 43/60 MP: 26/26
 13426 | Lair:1   | Found a labyrinth entrance.
 13475 | Lab      | Entered a labyrinth
 13774 | Lab      | Gained mutation: Your spells are a little harder to cast, but a little more powerful. [potion of mutation]
 13774 | Lab      | Gained mutation: You have a pair of small antennae on your head. [potion of mutation]
 13774 | Lab      | Gained mutation: You have large cloven feet. [potion of mutation]
 13778 | Lab      | Noticed a minotaur
 13788 | Lab      | Killed a minotaur
 13788 | Lab      | Reached skill level 10 in Spellcasting
 13788 | Lab      | Reached skill level 5 in Fire Magic
 13942 | Lab      | Learned a level 1 spell: Flame Tongue
 13974 | Lair:1   | Noticed an oklob plant
 13974 | Lair:1   | Noticed an oklob plant
 13978 | Lair:1   | Learned a level 1 spell: Apportation
 14034 | Lair:1   | Reached skill level 1 in Conjurations
 14481 | Lair:1   | Reached skill level 1 in Long Blades
 14934 | Lair:1   | Found a blossoming altar of Fedhas.
 14954 | Lair:1   | Noticed an oklob plant
 15052 | Lair:1   | Killed from afar by an oklob plant

Skill      XL: |  1  2  3  4  5  6  7  8  9 10 11 |
---------------+----------------------------------+-----
Fighting       | 1 2 3 |  3.7
Short Blades   | 2 3 4 5 6 8 10 | 10.9
Dodging        | 3 4 5 6 7 9 10 | 10.3
Spellcasting   | 2 3 6 8 9 10 | 10.2
Fire Magic     | 4 6 |  6.1
Conjurations   | 2 |  2.4
Long Blades    | 1 |  1.3
Stealth        | |  1.2
Evocations     | |  3.2

Action                   |  1- 3 |  4- 6 |  7- 9 | 10-12 || total
-------------------------+-------+-------+-------+-------++-------
Melee: Short sword       |    74 |       |       |       ||    74
       Dagger            |    55 |   307 |   512 |   456 ||  1330
       Scimitar          |       |       |       |    47 ||    47
Throw: Throwing net      |       |       |     2 |       ||     2
 Cast: Sting             |       |       |       |     9 ||     9
       Apportation       |       |       |       |     3 ||     3
       Flame Tongue      |       |       |       |     3 ||     3
Evoke: Wand              |     2 |    34 |    29 |    24 ||    89
  Use: Potion            |       |     2 |     4 |    14 ||    20
       Scroll            |       |       |     7 |    21 ||    28
 Stab: Sleeping          |     1 |     2 |    10 |     5 ||    18
       Invisible         |       |       |     2 |       ||     2
       Betrayed ally     |       |       |     1 |     1 ||     2
       Held in net/web   |       |       |     2 |       ||     2
       Distracted        |       |       |     1 |     2 ||     3
       Paralysed         |       |       |       |     9 ||     9
  Eat: Chunk             |     3 |     9 |    14 |     9 ||    35
       Ration            |       |       |       |     3 ||     3
Armor: Leather armour    |    32 |    50 |    97 |    73 ||   252
       Skin              |       |       |       |     4 ||     4
Dodge: Dodged            |    54 |   131 |   186 |   265 ||   636
       Rpst.: Scimitar   |       |       |       |     6 ||     6
